 Dungeon Crawl Stone Soup version 0.14.1-26-g5a19342 (webtiles) character file.

2468 Kae the Covert (level 9, -1/44 HPs)
             Began as a Spriggan Enchanter on Aug 2, 2014.
             Was a Believer of Dithmenos.
             Slain by a hill giant skeleton (21 damage)
             ... on Level 8 of the Dungeon.
             The game lasted 00:11:42 (8326 turns).

Kae the Covert (Spriggan Enchanter)                 Turns: 8326, Time: 00:11:42

HP  -1/44        AC  3     Str  7      XL: 9   Next:  9%
MP  19/25        EV 22     Int 17      God: Dithmenos [**....]
Gold 324         SH  0     Dex 16      Spells:  3 memorised, 13 levels left

rFire  . . .     SeeInvis +     b - +3 dagger
rCold  . . .     Clarity  .     j - +1 robe
rNeg   . . .     Conserve .     (shield restricted)
rPois  .         rCorr    .     (helmet restricted)
rElec  .         rRot     .     (no cloak)
SustAb . .       Spirit   .     (gloves unavailable)
rMut   .         Warding  .     (boots unavailable)
Saprov . . .     Stasis   .     E - amulet of rage
MR     +....                    (no ring)
                                (no ring)

@: wreathed by umbra, very quick, somewhat resistant to hostile enchantments,
extremely stealthy
A: unfitting armour, see invisible, herbivore 3, speed 3, slow metabolism 2
a: Shadow Step, Renounce Religion, Evoke Berserk Rage


You were on level 8 of the Dungeon.
You worshipped Dithmenos.
Dithmenos was pleased with you.
You were not hungry.

You visited 2 branches of the dungeon, and saw 9 of its levels.

You collected 464 gold pieces.
You spent 140 gold pieces at shops.

Inventory:

Hand weapons
 a - a +1,+1 dagger
 b - a +3,+3 dagger (weapon)
Missiles
 d - 12 darts (quivered)
Armour
 j - a +1 robe (worn)
Magical devices
 u - a wand of polymorph (11)
 x - a wand of digging (19)
Comestibles
 n - 4 bread rations
 o - 2 apples
 A - 7 strawberries
 B - a choko
 G - a pear
 H - 5 grapes
Scrolls
 e - a scroll of enchant armour {unknown}
 f - a scroll of fog
 i - 6 scrolls of remove curse
 l - 3 scrolls of enchant weapon II
 m - 8 scrolls of identify
 t - 2 scrolls of magic mapping
 y - a scroll of blinking
 C - a scroll of teleportation
 D - a scroll of recharging
Jewellery
 v - an uncursed amulet of warding
 E - an amulet of rage (around neck)
 I - an uncursed ring of see invisible {unknown}
Potions
 g - 3 potions of heal wounds
 h - 3 potions of berserk rage
 k - a potion of restore abilities
 p - a potion of porridge
 q - 11 potions of curing
 r - a potion of invisibility
 s - 2 potions of brilliance
 w - 2 potions of haste
 z - 2 potions of flight
 F - a potion of paralysis {unknown}
Books
 c - a book of Maledictions

   Spells                             Type                      Level
   *Corona                            Hexes                        1
   Sure Blade                         Hexes/Charms                 2
   *Ensorcelled Hibernation           Hexes/Ice                    2
   *Confuse                           Hexes                        3
   Enslavement                        Hexes                        4
   Invisibility                       Hexes                        6


   Skills:
 + Level 3.1 Fighting
 * Level 6.4 Short Blades
 - Level 1.1 Throwing
 + Level 6.7 Dodging
 * Level 10.2 Stealth
 + Level 5.6 Spellcasting
 + Level 6.1 Hexes


You had 13 spell levels left.
You knew the following spells:

 Your Spells              Type           Power        Failure   Level  Hunger
a - Corona                Hex            ####...      1%          1    None
b - Ensorcelled Hibernat  Hex/Ice        ###...       6%          2    None
c - Confuse               Hex            ####....     3%          3    ###....


Dungeon Overview and Level Annotations

Branches:
Dungeon (8/15)             Temple (1/1) D:4
   Lair: D:8-11

Altars:
Ashenzari
Cheibriados
Dithmenos
Elyvilon
Fedhas
Kikubaaqudgha
Makhleb
Nemelex Xobeh
Okawaru
Sif Muna
Vehumet
Xom
Yredelemnul
Zin
The Shining One

Shops:
D:5 ![


Innate Abilities, Weirdness & Mutations

You are tiny and cannot use many weapons and most armour.
You have supernaturally acute eyesight.
You are a herbivore.
You cover ground extremely quickly.
You need consume almost no food.


Message History

Aiming: Confuse
Press: ? - help, Shift-Dir - straight line, f - hill giant skeleton
Aim: a hill giant skeleton (umbra)
The hill giant skeleton resists with significant effort.
The hill giant skeleton closely misses you.
You hit the hill giant skeleton. You hit the hill giant skeleton.
The hill giant skeleton hits you!
Ouch! That really hurt!
You are too injured to fight recklessly!
You are too injured to fight recklessly!
You are too injured to fight recklessly!
You are too injured to fight recklessly!
Casting: Confuse
Confirm with . or Enter, or press ? or * to list all spells.
Aiming: Confuse
Press: ? - help, Shift-Dir - straight line, f/p - hill giant skeleton
Aim: a hill giant skeleton (umbra)
The hill giant skeleton resists with significant effort.
The hill giant skeleton hits you!
You die...

#..#########...##...##
#...... #..+
#....##########......
#..#
#.................... #..
#....................
#................[###
#............)....#
#.................#
+####..Z..............###
........@##########......
.........'......>.#......
........#........'......
........#........#......
#####...#........#......
#...#........#......
#...##+#######....##
#.................#
#............<....#


You could see a hill giant skeleton.

Vanquished Creatures
  A hungry ghost (D:7)
  The ghost of casual the Changer, an average OpTm (D:3)
  2 phantoms (D:5)
  2 sky beasts (D:7)
  An orc warrior (D:7)
  2 ogres (D:5)
  7 giant frogs
  A scorpion (D:7)
  4 crimson imps
  A hound (D:5)
  A jelly (D:7)
  An iguana (D:4)
  An orc wizard (D:6)
  2 orc priests
  Natasha (thrice) (D:4)
  A kobold skeleton (D:8)
  5 worker ants
  A killer bee zombie (D:8)
  A big kobold zombie (D:6)
  A hound skeleton (D:5)
  3 gnolls (D:6)
  8 adders
  A giant mite (D:6)
  A worm (D:6)
  A giant eyeball (D:4)
  5 giant geckos
  An ooze (D:1)
  14 orcs
  A bat skeleton (D:7)
  A bat zombie (D:6)
  10 goblins
  11 hobgoblins
  7 kobolds
  4 quokkas
  A ball python (D:4)
  6 bats
  3 giant cockroaches
  5 giant newts
  A giant spore (D:6)
  9 jackals
  15 rats
  5 ballistomycetes (D:6)
152 creatures vanquished.

Vanquished Creatures (others)
  A bat (D:6)
1 creature vanquished.

Grand Total: 153 creatures vanquished

Notes
Turn   | Place    | Note
--------------------------------------------------------------
     0 | D:1      | Kae, the Spriggan Enchanter, began the quest for the Orb.
     0 | D:1      | Reached XP level 1. HP: 9/9 MP: 4/4
   394 | D:1      | Reached XP level 2. HP: 7/13 MP: 5/7
  1255 | D:2      | Reached skill level 4 in Stealth
  1403 | D:2      | Learned a level 2 spell: Ensorcelled Hibernation
  1459 | D:2      | Reached XP level 3. HP: 17/17 MP: 3/9
  1588 | D:2      | Found a radiant altar of Vehumet.
  2387 | D:3      | Reached XP level 4. HP: 21/21 MP: 11/13
  2477 | D:3      | Noticed casual's ghost (average OpTm)
  2498 | D:2      | Learned a level 3 spell: Confuse
  2514 | D:3      | Killed casual's ghost
  2514 | D:3      | Reached skill level 1 in Fighting
  2514 | D:3      | Reached skill level 5 in Stealth
  2514 | D:3      | Reached XP level 5. HP: 15/25 MP: 13/16
  2937 | D:4      | Noticed Natasha
  2945 | D:4      | Killed Natasha
  2983 | D:4      | Reached skill level 6 in Stealth
  3233 | D:4      | Noticed Natasha
  3462 | D:4      | Reached XP level 6. HP: 30/30 MP: 15/18
  3587 | D:4      | Killed Natasha
  3632 | D:4      | Noticed Natasha
  3872 | D:4      | Killed Natasha
  3950 | D:4      | Found a staircase to the Ecumenical Temple.
  3974 | Temple   | Entered the Ecumenical Temple
  4030 | Temple   | Became a worshipper of Dithmenos the Shadowed
  4126 | D:5      | Entered Level 5 of the Dungeon
  4163 | D:5      | Found Wuimoeb's Distillery.
  4389 | D:5      | Reached XP level 7. HP: 34/34 MP: 15/20
  4423 | D:5      | Bought a potion of heal wounds for 42 gold pieces
  4423 | D:5      | Bought a potion of poison for 14 gold pieces
  4423 | D:5      | Bought a potion of degeneration for 28 gold pieces
  4423 | D:5      | Bought a potion of confusion for 14 gold pieces
  4423 | D:5      | Bought a potion of flight for 42 gold pieces
  4497 | D:5      | Reached skill level 7 in Stealth
  4926 | D:5      | Found Mariept's Antique Armour Emporium.
  4956 | D:5      | Found a burning altar of Makhleb.
  4986 | D:5      | Reached skill level 5 in Dodging
  4986 | D:5      | Reached skill level 5 in Hexes
  5608 | D:6      | Reached skill level 8 in Stealth
  5877 | D:6      | Reached XP level 8. HP: 39/39 MP: 20/23
  5934 | D:6      | Reached skill level 5 in Short Blades
  6851 | D:7      | Reached skill level 9 in Stealth
  6882 | D:7      | Reached skill level 5 in Spellcasting
  7115 | D:7      | Acquired Dithmenos' first power
  7151 | D:7      | Found an iron altar of Okawaru.
  7152 | D:7      | Found a deep blue altar of Sif Muna.
  7155 | D:7      | Found an ancient bone altar of Kikubaaqudgha.
  7156 | D:7      | Found a burning altar of Makhleb.
  7606 | D:8      | Reached skill level 10 in Stealth
  7606 | D:8      | Reached XP level 9. HP: 42/44 MP: 25/25
  7700 | D:8      | Found a glowing silver altar of Zin.
  7700 | D:8      | Noticed an angel
  7888 | D:8      | Found a snail-covered altar of Cheibriados.
  8326 | D:8      | Slain by a hill giant skeleton

Action                   |  1- 3 |  4- 6 |  7- 9 || total
-------------------------+-------+-------+-------++-------
Melee: Dagger            |   135 |   111 |   338 ||   584
Throw: Dart              |     2 |     1 |     1 ||     4
 Cast: Corona            |     3 |       |       ||     3
       Ensorcelled Hiber |     7 |    37 |    74 ||   118
       Confuse           |       |     5 |     7 ||    12
Evoke: Wand              |       |     1 |       ||     1
  Use: Scroll            |       |     9 |     7 ||    16
       Potion            |       |     1 |     2 ||     3
 Stab: Sleeping          |    14 |    28 |    45 ||    87
       Confused          |       |     3 |     3 ||     6
       Distracted        |       |       |     5 ||     5
